 Dungeon Crawl Stone Soup version 0.31-a0-161-gb58dd9be76 (webtiles) character file.

Game seed: 18031383540577728431

38444 senseless the Blocker (level 14, 0/113 HPs)
             Began as a Gnoll Fighter on June 12, 2023.
             Was an Elder of the Shining One.
             Slain by a spriggan
             ... wielding a +0 spear
              (7 damage)
             ... on level 14 of the Dungeon.
             The game lasted 00:40:17 (16300 turns).

senseless the Blocker (Gnoll Fighter)              Turns: 16300, Time: 00:40:18

Health: 0/113      AC: 25    Str: 19    XL:     14   Next: 2%
Magic:  27/27      EV:  9    Int: 12    God:    the Shining One [****..]
Gold:   1147       SH:  0    Dex: 18    Spells: 30/31 levels left

rFire   . . .        a - +5 broad axe (elec)
rCold   . . .        F - +2 kite shield
rNeg    + + +        v - +0 plate armour
rPois   .            S - +2 helmet of Dishonesty {Rampage rElec Stlth+}
rElec   +            g - +2 cloak
rCorr   .            j - +0 pair of gloves
SInv    .            w - +0 pair of boots
Will    ++...        e - amulet of Coschuet {Acrobat rElec rN+ Int+3} Stlth
                     y - +6 ring of dexterity
HPRegen 0.38/turn    q - ring of willpower
MPRegen 0.20/turn

%: acrobat, rampage
@: confused, divinely shielded, about to teleport, glowing
A: fangs 1, strong nose, distributed training
a: Renounce Religion, Divine Shield, Cleansing Flame


You were on level 14 of the Dungeon.
You worshipped the Shining One.
The Shining One was greatly pleased with you.
You visited 2 branches of the dungeon, and saw 15 of its levels.

You collected 1363 gold pieces.
You spent 216 gold pieces at shops.

Inventory:

Hand Weapons
 a - a +5 broad axe of electrocution (weapon)
 b - a +2 flail of protection
 X - a +2 great mace
Missiles
 s - 8 javelins (quivered)
Armour
 g - a +2 cloak (worn)
 j - a +0 pair of gloves (worn)
 v - a +0 plate armour (worn)
 w - a +0 pair of boots (worn)
 F - a +2 kite shield (worn)
 S - the +2 helmet of Dishonesty (worn) {Rampage rElec Stlth+}
   (You found it on level 10 of the Dungeon)

   rElec:     It insulates you from electricity.
   Rampage:   It bestows one free step when moving towards enemies.
   Stlth:     It makes you more stealthy.
Jewellery
 c - a +6 ring of strength
 e - the amulet of Coschuet (around neck) {Acrobat rElec rN+ Int+3}
   (You acquired it on level 5 of the Dungeon)

   [amulet of the acrobat]

   It increases your evasion while moving and waiting.
   Int:       It affects your intelligence (+3).
   rElec:     It insulates you from electricity.
   rN:        It protects you from negative energy.
 p - a ring of see invisible
 q - a ring of willpower (right hand)
 r - a +6 ring of intelligence
 y - a +6 ring of dexterity (left hand)
 z - a ring of magical power
 E - a ring of resist corrosion
 I - an amulet of faith
 K - a ring of wizardry
 R - the ring "Haist" {rPois rF- Dex+3 SInv}
   (You found it on level 10 of the Dungeon)

   [ring of see invisible]

   Dex:       It affects your dexterity (+3).
   rF:        It makes you vulnerable to fire.
   rPois:     It protects you from poison.
   SInv:      It lets you see invisible.
 W - a +6 ring of dexterity
Wands
 o - a wand of mindburst (14)
 C - a wand of polymorph (36)
 H - a wand of flame (35)
 T - a wand of digging (6)
Scrolls
 f - 6 scrolls of fear
 i - 8 scrolls of teleportation
 m - 5 scrolls of revelation
 u - 3 scrolls of vulnerability
 L - 2 scrolls of fog
 O - 4 scrolls of identify
 U - a scroll of blinking
 Y - a scroll of silence
Potions
 h - 6 potions of curing
 l - a potion of magic
 t - a potion of mutation
 B - 3 potions of lignification
 G - 5 potions of attraction
 M - 2 potions of enlightenment
 N - a potion of brilliance
 P - a potion of ambrosia
 Q - a potion of haste


   Skills:
 + Level 11.2 Fighting
 + Level 9.1 Short Blades
 + Level 9.1 Long Blades
 + Level 10.2 Axes
 + Level 9.1 Maces & Flails
 + Level 9.1 Polearms
 + Level 9.1 Staves
 + Level 9.1 Ranged Weapons
 + Level 9.1 Throwing
 + Level 11.2 Armour
 + Level 9.1 Dodging
 + Level 9.1 Stealth
 + Level 11.2 Shields
 + Level 9.1 Unarmed Combat
 + Level 9.1 Spellcasting
 + Level 7.6 Conjurations
 + Level 7.6 Hexes
 + Level 7.6 Summonings
 + Level 7.6 Necromancy
 + Level 7.6 Translocations
 + Level 7.6 Transmutations
 + Level 7.6 Fire Magic
 + Level 7.6 Ice Magic
 + Level 7.6 Air Magic
 + Level 7.6 Earth Magic
 + Level 7.6 Poison Magic
 + Level 10.0 Invocations
 + Level 9.1 Evocations


You had 30 spell levels left.
You knew the following spells:

 Your Spells              Type           Power      Damage    Failure   Level
a - Shock                 Conj/Air       92%        1d8       19%         1

Your spell library contained the following spells:

 Spells                   Type           Power      Damage    Failure   Level
 Cigotuvi's Dreadful Rot  Necr/Pois/Air  46%        N/A       28%         2
 Ensorcelled Hibernation  Hex/Ice        46%        N/A       28%         2
 Passwall                 Tmut/Erth      19%        N/A       28%         2
 Ignite Poison            Fire/Tmut/Pois 23%        N/A       50%         3
 Summon Guardian Golem    Hex/Summ       23%        N/A       50%         3
 Swiftness                Air            23%        N/A       50%         3
 Airstrike                Air            11%        2d(2-18)  88%         4
 Fireball                 Conj/Fire      11%        3d7       99%         5
 Freezing Cloud           Conj/Ice/Air   11%        6-21      99%         5
 Iskenderun's Battlesphe  Conj           23%        2d8       99%         5
 Conjure Ball Lightning   Conj/Air       11%        3x3d6     100%        6
 Orb of Destruction       Conj           11%        9d6       100%        7
 Spellforged Servitor     Conj/Summ      11%        N/A       100%        7


Dungeon Overview and Level Annotations

Branches:
Dungeon (14/15)            Temple (1/1) D:4            Lair (0/5) D:8
    Orc (0/2) D:12         Vaults (0/5) D:13

Altars:
Ashenzari
Cheibriados
Dithmenos
Elyvilon
Fedhas
Gozag
Hepliaklqana
Kikubaaqudgha
Makhleb
Nemelex Xobeh
Okawaru
Qazlal
Ru
Sif Muna
Trog
Uskayaw
Vehumet
Wu Jian
Xom
Yredelemnul
Zin
The Shining One

Shops:
D:9 (?   D:14 *

Annotations:
D:9 1 runed translucent door, Reshi88's ghost, journeyman SpHu
D:14 Ithupuc's ghost, adept GrEE


Innate Abilities, Weirdness & Mutations

You have very sharp teeth.
Your uncanny sense of smell can sniff out nearby items.
Your experience applies equally to all skills.


Message History

The spriggan hits you from afar with a +0 trident.
The spriggan is engulfed in noxious fumes.
The spriggan appears confused.
Ithupuc's ghost gestures wildly while chanting.
Ithupuc's ghost blinks!
You are engulfed in noxious fumes.
You choke on the stench!
You are more confused.
The spriggan rider is engulfed in noxious fumes.
The spriggan rider hits you with the +6 spear of Daul Zebb {freeze, Str+5}!
The spriggan rider freezes you. The spriggan completely misses you.
The boggart is engulfed in noxious fumes.
The boggart appears confused.
You slash the boggart! Lightning courses through the boggart!!
You kill the boggart!
You hit the spriggan. You barely miss the spriggan rider. You hit the spriggan.
You are engulfed in noxious fumes.
The spriggan rider hits you with the +6 spear of Daul Zebb {freeze, Str+5}!
The spriggan rider freezes you. The spriggan hits you with a +0 spear.
* * * LOW HITPOINT WARNING * * *
The spriggan hits you but does no damage.
You bump into the translucent stone wall.
You are engulfed in noxious fumes.
The spriggan rider hits you with the +6 spear of Daul Zebb {freeze, Str+5}!
* * * LOW HITPOINT WARNING * * *
The spriggan rider freezes you.
* * * LOW HITPOINT WARNING * * *
The spriggan hits you but does no damage.
You feel better.
You are engulfed in noxious fumes.
You block the spriggan rider's attack. You block the spriggan's attack.
As you read the scroll of teleportation, it crumbles to dust.
You feel strangely unstable.
You are engulfed in noxious fumes.
You choke on the stench!
You are confused.
The spriggan rider hits you with the +6 spear of Daul Zebb {freeze, Str+5}!
* * * LOW HITPOINT WARNING * * *
The spriggan rider freezes you.
* * * LOW HITPOINT WARNING * * *
The spriggan ponders the situation.
The spriggan hits you with a +0 spear!
You die...

#.# #.#.....##.# #.#
#.# ####.########.#
#.# #.# #....# #.# #.#
#.######....# ♣♣ ###
#.# #.##........###.
#.# #.##.....##.#.##♣
♣♣ ##.##
#.##.....##.#.⌠#♣♣♣..♣
#....
#.##.....##.#..#♣i...♣
#..##
#.#########....°@♣...♣
#..##
...~≈######.#..#ii:♣∆
#....
##..~)......#.⌠#W.♣..♣
#..##
#~~...~######.##?.♣ ♣♣
#.## ≈≈≈~~..≈##
###".♣♣ #.# ≈≈≈≈≈...~#
♣♣♣ #.###
≈≈≈≈≈.~.~#### ###
###.##. ≈≈≈≈≈.~[....##
#.# #...##.
#≈≈≈~.~####..# ##.#
###.####.


You could see a spriggan rider, 2 spriggans and Ithupuc's ghost.

Vanquished Creatures
  A vault guard (D:13)
  A catoblepas (D:14)
  2 hydras (D:13)
  5 centaur warriors
  2 boulder beetles
  6 two-headed ogres
  5 tengu warriors
  Lodul (D:12)
  2 orc knights (D:12)
  A deep elf pyromancer (D:14)
  3 cyclopes (D:13)
  4 harpies (D:14)
  11 ugly things
  3 manticores
  A gargoyle (D:11)
  An unseen horror (shapeshifter) (D:10)
  A kobold demonologist (D:10)
  2 tengu conjurers (D:13)
  5 trolls
  A polar bear (D:14)
  Prince Ribbit (D:5)
  Grinder (D:4)
  2 shadows
  5 wraiths
  2 vampires
  A water elemental (D:14)
  2 wyverns
  18 yaks
  Eustachio (D:4)
  6 steam dragons
  12 vampire mosquitoes
  A basilisk (D:13)
  Menkaure (D:5)
  Edmund (D:5)
  2 acid dragons (D:10)
  A water moccasin (D:8)
  4 orc warriors
  2 sky beasts
  A black bear (D:5)
  2 ice beasts
  9 ogres
  A boggart (D:14)
  8 centaurs
  2 phantoms (D:5)
  4 kobold brigands
  Blork the orc (D:4)
  2 gnoll sergeants
  4 scorpions
  A wight (D:10)
  14 killer bees
  4 howler monkeys
  3 electric eels (D:14)
  3 jellies
  5 hounds
  8 orc priests
  Crazy Yiuf (D:5)
  7 iguanas
  8 orc wizards
  Robin (D:4)
  14 gnolls
  13 adders
  3 white imps (D:5)
  2 dart slugs (D:2)
  A worm (D:3)
  35 orcs
  4 bats
  5 endoplasms
  7 giant cockroaches
  12 goblins
  10 hobgoblins
  4 quokkas
  9 ball pythons
  3 frilled lizards
  13 kobolds
  9 rats
354 creatures vanquished.

Notes
Turn   | Place    | Note
-------+----------+-------------------------------------------
     0 | D:1      | senseless the Gnoll Fighter began the quest for the Orb.
     0 | D:1      | Reached XP level 1. HP: 23/23 MP: 1/1
    26 | D:1      | Reached XP level 2. HP: 18/29 MP: 2/2
   195 | D:1      | Reached XP level 3. HP: 20/35 MP: 3/3
   389 | D:1      | Reached skill level 1 in Invocations
   644 | D:2      | Reached skill level 1 in Short Blades
   644 | D:2      | Reached skill level 1 in Long Blades
   644 | D:2      | Reached skill level 1 in Maces & Flails
   644 | D:2      | Reached skill level 1 in Polearms
   644 | D:2      | Reached skill level 1 in Staves
   644 | D:2      | Reached skill level 1 in Ranged Weapons
   644 | D:2      | Reached skill level 1 in Throwing
   644 | D:2      | Reached skill level 1 in Dodging
   644 | D:2      | Reached skill level 1 in Stealth
   644 | D:2      | Reached skill level 1 in Unarmed Combat
   644 | D:2      | Reached skill level 1 in Spellcasting
   644 | D:2      | Reached skill level 1 in Evocations
   700 | D:2      | Reached XP level 4. HP: 41/41 MP: 5/5
   882 | D:2      | Reached skill level 1 in Conjurations
   882 | D:2      | Reached skill level 1 in Hexes
   882 | D:2      | Reached skill level 1 in Summonings
   882 | D:2      | Reached skill level 1 in Necromancy
   882 | D:2      | Reached skill level 1 in Translocations
   882 | D:2      | Reached skill level 1 in Transmutations
   882 | D:2      | Reached skill level 1 in Fire Magic
   882 | D:2      | Reached skill level 1 in Ice Magic
   882 | D:2      | Reached skill level 1 in Air Magic
   882 | D:2      | Reached skill level 1 in Earth Magic
   882 | D:2      | Reached skill level 1 in Poison Magic
  1404 | D:3      | Reached XP level 5. HP: 42/47 MP: 7/7
  1898 | D:4      | Found a staircase to the Ecumenical Temple.
  1908 | Temple   | Entered the Ecumenical Temple
  2042 | Temple   | Became a worshipper of the Shining One
  2069 | D:4      | Noticed Robin
  2093 | D:4      | Killed Robin
  2241 | D:4      | Noticed Grinder
  2259 | D:4      | Killed Grinder
  2260 | D:4      | Reached skill level 5 in Axes
  2260 | D:4      | Reached XP level 6. HP: 39/53 MP: 7/9
  2446 | D:4      | Noticed Blork the orc
  2595 | D:4      | Killed Blork the orc
  2596 | D:4      | Reached XP level 7. HP: 27/60 MP: 10/10
  2851 | D:4      | Noticed Eustachio
  2888 | D:4      | Killed Eustachio
  3165 | D:4      | Found a white marble altar of Elyvilon.
  3216 | D:5      | Entered Level 5 of the Dungeon
  3219 | D:5      | Noticed Prince Ribbit
  3241 | D:5      | Killed Prince Ribbit
  3385 | D:5      | Found a shadowy altar of Dithmenos.
  3390 | D:5      | Reached XP level 8. HP: 67/67 MP: 12/12
  3409 | D:5      | Found a sparkling altar of Nemelex Xobeh.
  3799 | D:5      | Found a runed translucent door.
  3800 | D:5      | Noticed Crazy Yiuf
  3800 | D:5      | Reached * piety under the Shining One
  3931 | D:5      | Noticed Menkaure
  3940 | D:5      | Killed Menkaure
  4424 | D:5      | Reached XP level 9. HP: 20/73 MP: 14/14
  4701 | D:5      | Noticed Edmund
  4729 | D:5      | Killed Edmund
  5054 | D:5      | Killed Crazy Yiuf
  5094 | D:5      | Identified 2 scrolls of acquirement
  5094 | D:5      | Acquired a +2 broad axe of electrocution
  5225 | D:5      | Acquired the amulet of Coschuet {Acrobat rElec rN+ Int+3}
  5671 | D:6      | Reached skill level 5 in Invocations
  5676 | D:6      | Found a glowing silver altar of Zin.
  5761 | D:6      | Found an ancient bone altar of Kikubaaqudgha.
  6231 | D:7      | Noticed a manticore
  6236 | D:7      | Killed a manticore
  6627 | D:7      | Reached skill level 5 in Short Blades
  6627 | D:7      | Reached skill level 5 in Long Blades
  6627 | D:7      | Reached skill level 5 in Maces & Flails
  6627 | D:7      | Reached skill level 5 in Polearms
  6627 | D:7      | Reached skill level 5 in Staves
  6627 | D:7      | Reached skill level 5 in Ranged Weapons
  6627 | D:7      | Reached skill level 5 in Throwing
  6627 | D:7      | Reached skill level 5 in Dodging
  6627 | D:7      | Reached skill level 5 in Stealth
  6627 | D:7      | Reached skill level 5 in Unarmed Combat
  6627 | D:7      | Reached skill level 5 in Spellcasting
  6627 | D:7      | Reached skill level 5 in Evocations
  6627 | D:7      | Reached XP level 10. HP: 60/81 MP: 17/17
  7160 | D:8      | Found a staircase to the Lair.
  7215 | D:8      | Reached ** piety under the Shining One
  8194 | D:9      | Found an ornate altar of the Wu Jian Council.
  8238 | D:9      | Found a runed translucent door.
  8241 | D:9      | Noticed Reshi88's ghost (journeyman SpHu)
  8488 | D:9      | Found Urphicidgh's Magic Scroll Emporium.
  8594 | D:9      | Found Zaphitout's Weapon Boutique.
  8596 | D:9      | Noticed a two-headed ogre
  8606 | D:9      | Killed a two-headed ogre
  8797 | D:9      | Found a hazy altar of Hepliaklqana.
  8805 | D:9      | Found an iron altar of Okawaru.
  8806 | D:9      | Found a blossoming altar of Fedhas.
  8806 | D:9      | Found an opulent altar of Gozag.
  8806 | D:9      | Found a shimmering blue altar of Sif Muna.
  8806 | D:9      | Found a broken altar of Ashenzari.
  8807 | D:9      | Found a bloodstained altar of Trog.
  8808 | D:9      | Found a stormy altar of Qazlal.
  8812 | D:9      | Found a burning altar of Makhleb.
  8861 | D:9      | Bought a scroll of enchant armour for 120 gold pieces
  8861 | D:9      | Bought a scroll of identify for 32 gold pieces
  8861 | D:9      | Bought a scroll of identify for 32 gold pieces
  8861 | D:9      | Bought a scroll of identify for 32 gold pieces
  9200 | D:10     | Entered Level 10 of the Dungeon
  9427 | D:10     | Noticed a kobold demonologist
  9436 | D:10     | Killed a kobold demonologist
  9442 | D:10     | Reached skill level 5 in Conjurations
  9442 | D:10     | Reached skill level 5 in Hexes
  9442 | D:10     | Reached skill level 5 in Summonings
  9442 | D:10     | Reached skill level 5 in Necromancy
  9442 | D:10     | Reached skill level 5 in Translocations
  9442 | D:10     | Reached skill level 5 in Transmutations
  9442 | D:10     | Reached skill level 5 in Fire Magic
  9442 | D:10     | Reached skill level 5 in Ice Magic
  9442 | D:10     | Reached skill level 5 in Air Magic
  9442 | D:10     | Reached skill level 5 in Earth Magic
  9442 | D:10     | Reached skill level 5 in Poison Magic
  9784 | D:10     | Reached XP level 11. HP: 87/89 MP: 20/20
  9933 | D:10     | Found a snail-covered altar of Cheibriados.
 10212 | D:10     | Noticed a two-headed ogre
 10308 | D:10     | Noticed a two-headed ogre
 10309 | D:10     | Noticed a two-headed ogre
 10314 | D:10     | Killed a two-headed ogre
 10316 | D:10     | Killed a two-headed ogre
 10598 | D:10     | Killed a two-headed ogre
 10648 | D:10     | Noticed a brown ugly thing
 10652 | D:10     | Killed a brown ugly thing
 10681 | D:10     | Identified the ring "Haist" {rPois rF- Dex+3 SInv}
 10685 | D:10     | Identified the +2 helmet of Dishonesty {Rampage rElec
                  | Stlth+}
 10989 | D:11     | Reached *** piety under the Shining One
 11027 | D:11     | Noticed a centaur warrior
 11039 | D:11     | Killed a centaur warrior
 11040 | D:11     | Reached XP level 12. HP: 80/97 MP: 22/22
 11838 | D:12     | Noticed a two-headed ogre
 11849 | D:12     | Killed a two-headed ogre
 11850 | D:12     | Reached skill level 10 in Fighting
 11850 | D:12     | Reached skill level 10 in Armour
 11850 | D:12     | Reached skill level 10 in Shields
 11903 | D:12     | Noticed a two-headed ogre
 11912 | D:12     | Killed a two-headed ogre
 11913 | D:12     | Noticed a boulder beetle
 11961 | D:12     | Killed a boulder beetle
 11963 | D:12     | Found a staircase to the Orcish Mines.
 12142 | D:12     | Reached **** piety under the Shining One
 12433 | D:12     | Noticed Lodul
 12456 | D:12     | Killed Lodul
 12713 | D:13     | Noticed a centaur warrior
 12720 | D:13     | Killed a centaur warrior
 12759 | D:13     | Reached XP level 13. HP: 99/104 MP: 25/25
 12803 | D:13     | Learned a level 1 spell: Shock
 13204 | D:13     | Found a gate to the Vaults.
 13204 | D:13     | Noticed a vault guard
 13218 | D:13     | Killed a vault guard
 14035 | D:14     | Found the amulet of the Air {Inacc Air Fly rElec RMsl}
 14036 | D:14     | Found a runed translucent door.
 14038 | D:14     | Identified the +6 spear of Daul Zebb {freeze, Str+5}
 14082 | D:14     | Noticed Ithupuc's ghost (adept GrEE)
 14617 | D:14     | Reached skill level 10 in Axes
 15074 | D:14     | Found a stormy altar of Qazlal.
 15577 | D:14     | Identified the staff of conjuration "Nuguek" {Drain Will+
                  | Str+2}
 15579 | D:14     | Found Finegunt's General Store.
 15668 | D:14     | Reached XP level 14. HP: 70/113 MP: 27/27
 16067 | D:14     | Reached skill level 10 in Invocations
 16300 | D:14     | Slain by a spriggan

Illustrated notes

Levels and vault maps discovered:
D:1:      dpeg_arrival_ratfight, layout_rooms
D:2:      layout_basic, serial_forest, infiniplex_forest_straight_4,
          infiniplex_forest_corner_1, infiniplex_forest_lined_room_2,
          infiniplex_forest_lined_2, infiniplex_forest_clump_diagonal,
          infiniplex_forest_lined_corner, infiniplex_forest_fountain,
          infiniplex_forest_straight_5, corexii_hall_statues_l,
          minmay_misc_feat_hallway, minmay_pentomino_x2
D:3:      layout_rooms, kennysheep_generic_room_13
D:4:      layout_gridville, lemuel_tele_altar, minmay_temple_entry_purple_smoke,
          uniq_blork_the_orc, uniq_eustachio, uniq_robin, uniq_grinder
D:5:      minmay_bubble_buster, layout_basic, nicolae_overflow_crystal_walls,
          nicolae_dithmenos_shadow_blocks, uniq_crazy_yiuf_cottage,
          uniq_prince_ribbit1, uniq_menkaure, uniq_edmund
D:6:      wander_river, layout_basic, mainiacjoe_overflow_alcove_2, zin_academy,
          chequers_jeans
D:7:      layout_basic
D:8:      layout_basic, lair_entry_dummy
D:9:      layout_rooms, mainiacjoe_overflow_small_starburst, minitemple,
          hellmonk_ghost_happy_afterlife, serial_shops, kennysheep_mini,
          nicolae_shop_just_a_little_nook, nicolae_two_hexagons,
          nicolae_lava_and_water
D:10:     kennysheep_windowed_halls, layout_basic, overflow_temple_1_default
D:11:     layout_loops_corners
D:12:     layout_rooms, orc_david_3, uniq_lodul
D:13:     layout_roguey, david_vaults_5, st_stairs_1
D:14:     layout_basic, serial_shops, shop, ebering_ghost_funeral_grove,
          nicolae_qazlal_general_emergency, minmay_misc_feat_tiny,
          hangedman_aviary
Temple:   nicolae_temple_superstar

Skill      XL: |  1  2  3  4  5  6  7  8  9 10 11 12 13 14 |
---------------+-------------------------------------------+-----
Invocations    | 1 2 3 4 5 6 7 8 9 10 | 10.0
Short Blades   | 1 2 3 5 6 7 8 9 |  9.1
Long Blades    | 1 2 3 5 6 7 8 9 |  9.1
Maces & Flails | 1 2 3 5 6 7 8 9 |  9.1
Polearms       | 1 2 3 5 6 7 8 9 |  9.1
Staves         | 1 2 3 5 6 7 8 9 |  9.1
Ranged Weapons | 1 2 3 5 6 7 8 9 |  9.1
Throwing       | 1 2 3 5 6 7 8 9 |  9.1
Dodging        | 1 2 3 5 6 7 8 9 |  9.1
Stealth        | 1 2 3 5 6 7 8 9 |  9.1
Unarmed Combat | 1 2 3 5 6 7 8 9 |  9.1
Spellcasting   | 1 2 3 5 6 7 8 9 |  9.1
Evocations     | 1 2 3 5 6 7 8 9 |  9.1
Conjurations   | 1 2 3 4 5 6 7 |  7.6
Hexes          | 1 2 3 4 5 6 7 |  7.6
Summonings     | 1 2 3 4 5 6 7 |  7.6
Necromancy     | 1 2 3 4 5 6 7 |  7.6
Translocations | 1 2 3 4 5 6 7 |  7.6
Transmutations | 1 2 3 4 5 6 7 |  7.6
Fire Magic     | 1 2 3 4 5 6 7 |  7.6
Ice Magic      | 1 2 3 4 5 6 7 |  7.6
Air Magic      | 1 2 3 4 5 6 7 |  7.6
Earth Magic    | 1 2 3 4 5 6 7 |  7.6
Poison Magic   | 1 2 3 4 5 6 7 |  7.6
Axes           | 5 6 7 8 9 10 | 10.2
Fighting       | 7 8 9 10 11 | 11.2
Armour         | 7 8 9 10 11 | 11.2
Shields        | 7 8 9 10 11 | 11.2

Action                     |  1- 3 |  4- 6 |  7- 9 | 10-12 | 13-15 || total
---------------------------+-------+-------+-------+-------+-------++-------
  Melee: War axe           |    68 |    92 |       |       |       ||   160
         Bite              |     2 |    15 |    48 |    63 |    36 ||   164
         Mace              |       |   109 |   271 |       |       ||   380
         Unarmed           |       |     1 |       |       |       ||     1
         Broad axe         |       |       |    55 |   418 |   239 ||   712
         Flail             |       |       |     3 |       |    19 ||    22
  Throw: Javelin           |       |     6 |     7 |       |       ||    13
         Throwing net      |       |       |     1 |       |       ||     1
 Invoke: Divine Shield     |       |       |       |       |     1 ||     1
    Use: Potion            |       |     1 |     4 |     1 |     2 ||     8
         Scroll            |       |       |    20 |     8 |     4 ||    32
 Armour: Scale mail        |    31 |       |       |       |       ||    31
         Chain mail        |     5 |   185 |   223 |       |       ||   413
         Plate armour      |       |       |    39 |   243 |   278 ||   560
         Skin              |       |       |     4 |       |       ||     4
  Dodge: Dodged            |    31 |   102 |   142 |   177 |   123 ||   575
  Block: Buckler           |    22 |    80 |   104 |    21 |       ||   227
         Kite shield       |       |       |       |   278 |   258 ||   536

Table legend: (Time is in decaauts)
 A = Elapsed time spent in this place.
 B = Non-inter-level travel time spent in this place.
 C = Inter-level travel time spent in this place.
 D = Time resting spent in this place.
 E = Time spent auto-exploring this place.
 F = Levels seen in this place.
 G = Mean time per level.
                   A        B        C        D        E       F      G
               +--------+--------+--------+--------+--------+-----+--------+
         Total |  16700 |  16185 |    515 |   1004 |  12427 |  15 | 1113.3 |
       Dungeon |  16552 |  16069 |    483 |   1004 |  12321 |  14 | 1182.3 |
        Temple |    147 |    115 |     32 |      0 |    106 |   1 |  147.0 |
               +--------+--------+--------+--------+--------+-----+--------+

Top non-repeatable levels by time:
    D:14: 2419 daAuts
     D:5: 1945 daAuts
    D:10: 1638 daAuts
     D:4: 1314 daAuts
    D:13: 1227 daAuts
     D:9: 1170 daAuts
     D:8: 1036 daAuts
    D:11: 1006 daAuts
    D:12: 971 daAuts
     D:6: 897 daAuts
     D:7: 895 daAuts
     D:3: 773 daAuts
     D:2: 741 daAuts
     D:1: 515 daAuts
  Temple: 147 daAuts
